 Dungeon Crawl Stone Soup version 0.31-a0-1589-g8f5e8aebd6 (webtiles) character file.

Game seed: 3238737270752754694

12756 Atlas the Grappler (level 11, -7/98 HPs)
             Began as a Troll Shapeshifter on Jan 6, 2024.
             Was an Initiate of Gozag.
             Killed from afar by a rime drake (30 damage)
             ... with an icy flash freeze
             ... on level 1 of the Lair of Beasts.
             The game lasted 00:11:31 (9232 turns).

Atlas the Grappler (Troll Shapeshifter)             Turns: 9232, Time: 00:11:32

Health: -7/98      AC:  2    Str: 28    XL:     11   Next: 66%
Magic:  10/10      EV: 20    Int:  6    God:    Gozag
Gold:   820        SH:  0    Dex:  9    Spells: 10/10 levels left

rFire   . .          .
                       - Unarmed
rCold   . . .        s - melded orb {light}
rNeg    . . .        C - melded +2 robe {rN+}
rPois   .            (helmet restricted)
rElec   .            (no cloak)
rCorr   .            (gloves unavailable)
SInv    .            (boots unavailable)
Will    .....        v - amulet of regeneration
Stlth   +            t - +5 ring of evasion
HPRegen 1.96/turn    L - ring of flight
MPRegen 0.12/turn

%: no passive effects
@: flux-form, flying, glowing
A: glow, contaminating, large, unfitting armour, claws 3, regeneration 1, shaggy
fur 1, tough skin 1
a: Begin Untransformation, Renounce Religion, Potion Petition, Call Merchant,
Bribe Branch


You were on level 1 of the Lair of Beasts.
You worshipped Gozag.
Gozag was pleased with you.
You were something dangerously unstable.
You visited 2 branches of the dungeon, and saw 13 of its levels.
You also visited: Bailey.

You collected 2274 gold pieces.
You spent 875 gold pieces at shops.
You paid 579 gold pieces to Gozag.

Inventory:

Missiles
 k - 3 atropa-tipped darts
 E - 5 javelins (quivered)
Armour
 s - an orb of light (melded)
 C - a +2 robe of positive energy (melded)
Jewellery
 t - a +5 ring of evasion (left claw)
 v - an amulet of regeneration (around neck)
 L - a ring of flight (right claw)
Talismans
 c - a beast talisman
 d - a flux talisman (active)
 x - a blade talisman
Wands
 a - a wand of quicksilver (13)
 F - a wand of polymorph (4)
 I - a wand of roots (7)
 N - a wand of flame (4)
Scrolls
 e - a scroll of silence {unknown}
 h - a scroll of blinking {unknown}
 j - 2 scrolls of enchant armour {unknown}
 o - 2 scrolls of revelation
 p - a scroll of immolation
 q - 4 scrolls of amnesia
 r - a scroll of torment {unknown}
 y - 3 scrolls of teleportation
 G - 2 scrolls of fear
 H - a scroll of poison
 M - a scroll of vulnerability
Potions
 b - 2 potions of lignification
 g - 2 potions of might
 i - 3 potions of magic {unknown}
 l - 6 potions of curing
 m - a potion of degeneration
 n - 3 potions of haste
 u - a potion of attraction
 w - 3 potions of heal wounds
 z - 2 potions of mutation
 A - a potion of experience {unknown}
 B - 3 potions of invisibility {unknown}
 D - a potion of berserk rage {unknown}
 J - a potion of cancellation {unknown}
 K - a potion of resistance {unknown}
Miscellaneous
 O - a sack of spiders


   Skills:
 + Level 3.7 Fighting
 + Level 0.5 Throwing
 + Level 6.3 Dodging
 - Level 0.7 Stealth
 + Level 14.0 Unarmed Combat
 * Level 9.2 Shapeshifting


You had 10 spell levels left.
You didn't know any spells.
Your spell library contained the following spells:

 Spells                   Type           Power      Damage    Failure   Level
 Call Canine Familiar     Summ           0%         N/A       83%         3
 Sigil of Binding         Hex            0%         N/A       83%         3
 Volatile Blastmotes      Fire/Tloc      0%         2d10      83%         3
 Brom's Barrelling Bould  Conj/Erth      0%         2d3       99%         4
 Dimensional Bullseye     Hex/Tloc       0%         N/A       99%         4
 Fulminant Prism          Conj/Alch      0%         3d5       99%         4
 Iskenderun's Mystic Bla  Conj/Tloc      0%         2d3       99%         4
 Borgnjor's Vile Clutch   Necr/Erth      0%         N/A       100%        5
 Fireball                 Conj/Fire      0%         3d3       100%        5
 Iskenderun's Battlesphe  Conj           0%         2d6       100%        5
 Conjure Ball Lightning   Conj/Air       0%         3x3d6     100%        6
 Death Channel            Necr           0%         N/A       100%        6
 Haunt                    Necr/Summ      0%         N/A       100%        7
 Orb of Destruction       Conj           0%         9d5       100%        7
 Borgnjor's Revivificati  Necr           0%         N/A       100%        8
 Infestation              Necr           0%         N/A       100%        8
 Death's Door             Necr           0%         N/A       100%        9
 Animate Dead             Necr           Unusable   N/A       N/A         4

Dungeon Overview and Level Annotations

Branches:
Dungeon (12/15)            Temple (0/1) D:4            Lair (1/5) D:8
    Orc (0/2) D:10         Bailey (visited)

Altars:
Gozag
Makhleb
Nemelex Xobeh
Okawaru
Qazlal
Ru

Shops:
D:2 =   D:3 !(   D:8 *   D:10 *   D:11 *


Innate Abilities, Weirdness & Mutations

You are something dangerously unstable.
You glow with magical radiation, making you easy to see and hit.
Foes you strike become dangerously contaminated with magical radiation.
You are incapable of wielding weapons or throwing items.
You are too large for most types of armour.
You have claws for hands.
Your natural rate of healing is unusually fast.
You are covered in fur. (AC +1)
You have tough skin. (AC +1)


Message History

You barely miss the blink frog.
The blink frog is almost dead.
The blink frog is no longer distracted by gold.
The rime drake completely misses you. The blink frog barely misses you.
The blink frog is distracted by your dazzling golden aura.
The blink frog croaks.
You mangle the blink frog!!
You kill the blink frog!
The rime drake bites you.
* * * LOW HITPOINT WARNING * * *
The blink frog blinks!
Your Unarmed Combat skill increases to level 14!
You barely miss the rime drake.
The blink frog blinks!
The rime drake is distracted by your dazzling golden aura.
The rime drake hisses angrily.
You claw the rime drake!
The rime drake begins to glow.
The rime drake is no longer distracted by gold.
The rime drake is moderately wounded.
The blink frog is no longer distracted by gold.
The basilisk is distracted by your dazzling golden aura.
The rime drake misses you.
The basilisk hisses angrily.
You scratch the rime drake.
The rime drake glows dangerously bright.
The rime drake is moderately wounded.
The rime drake bites you.
* * * LOW HITPOINT WARNING * * *
The blink frog blinks!
You claw the blink frog!
The blink frog begins to glow.
The blink frog is lightly wounded.
The blink frog closely misses you.
Unknown command.
You scratch the blink frog.
The blink frog glows dangerously bright.
The blink frog is moderately wounded.
The basilisk is no longer distracted by gold.
The rime drake breathes ice at you. The icy flash freeze hits you!!
You die...
Your body crumbles into a pile of gold.

......... ...#
#.......##..#
#.........# ##
#.......#
.P.##.#F...#
......#....#
......§l.<.#
#.#####k#........
#p#.####).P #F#.#
# #.#.# #.#..
#.... ##... #


You could see a basilisk, 2 blink frogs and a rime drake (heavy contam, catching
breath).

Vanquished Creatures
  2 two-headed ogres
  A manticore (D:11)
  2 centaur zombies (D:7)
  A black mamba (Lair:1)
  3 gargoyles
  A centaur skeleton (D:7)
  A komodo dragon (D:11)
  A troll (D:9)
  A hellwing (D:7)
  A blink frog (Lair:1)
  20 yaks
  A wyvern (Lair:1)
  A vampire (Bailey)
  A shadow (D:11)
  A warg (D:10)
  Menkaure (D:4)
  Edmund (D:5)
  7 orc warriors
  Duvessa (D:4)
  2 sky beasts (D:7)
  2 black bears
  An ice beast (D:6)
  3 ogres
  4 centaurs
  A phantom (D:5)
  A kobold brigand (D:8)
  2 bullfrogs
  A gnoll sergeant (D:8)
  3 scorpions
  Dowan (D:4)
  17 killer bees
  8 vampire bats (Bailey)
  An electric eel (D:10)
  7 wolf zombies (Bailey)
  3 jellies
  4 hounds
  2 orc priests
  Jessica (D:2)
  An iguana (D:5)
  8 orc wizards
  8 gnolls
  6 adders
  3 shadow imps (D:7)
  A white imp (D:7)
  6 ufetubi
  A ribbon worm (D:4)
  A dart slug (D:2)
  22 orcs
  3 endoplasms
  A giant cockroach (D:3)
  13 goblins
  9 hobgoblins
  6 jackals
  10 kobolds
  6 quokkas
  11 ball pythons
  13 bats
  17 orc zombies (Bailey)
  9 rats
267 creatures vanquished.

Notes
Turn   | Place    | Note
-------+----------+-------------------------------------------
     0 | D:1      | Atlas the Troll Shapeshifter began the quest for the Orb.
     0 | D:1      | Reached XP level 1. HP: 18/18 MP: 0/0
   122 | D:1      | Reached XP level 2. HP: 26/26 MP: 1/1
   836 | D:2      | Reached XP level 3. HP: 29/32 MP: 2/2
   839 | D:2      | Noticed Jessica
   845 | D:2      | Killed Jessica
   887 | D:2      | Found Guveat's Jewellery Shop.
   909 | D:2      | Reached XP level 4. HP: 33/40 MP: 3/3
  1305 | D:3      | Found Ypnatzy's Antique Weapon Emporium.
  1577 | D:3      | Found a sacrificial altar of Ru.
  1618 | D:3      | Found an opulent altar of Gozag.
  1897 | D:3      | Became a worshipper of Gozag Ym Sagoz the Greedy
  1971 | D:3      | Found Enun's Distillery.
  1996 | D:3      | Bought a potion of curing for 30 gold pieces
  1996 | D:3      | Bought a potion of haste for 100 gold pieces
  2547 | D:4      | Reached skill level 4 in Unarmed Combat
  2578 | D:4      | Noticed Duvessa
  2579 | D:4      | Noticed Dowan
  2589 | D:4      | Killed Duvessa
  2590 | D:4      | Reached skill level 1 in Fighting
  2590 | D:4      | Reached XP level 5. HP: 31/48 MP: 4/4
  2615 | D:4      | Killed Dowan
  2713 | D:4      | Reached XP level 6. HP: 53/55 MP: 5/5
  2739 | D:4      | Noticed Menkaure
  2745 | D:4      | Reached skill level 5 in Unarmed Combat
  2749 | D:4      | Killed Menkaure
  2828 | D:4      | Found a staircase to the Ecumenical Temple.
  3219 | D:5      | Entered Level 5 of the Dungeon
  3239 | D:5      | Reached XP level 7. HP: 45/62 MP: 6/6
  3304 | D:5      | Noticed Edmund
  3311 | D:5      | Killed Edmund
  3312 | D:5      | Reached skill level 6 in Unarmed Combat
  3312 | D:5      | Reached skill level 5 in Shapeshifting
  3706 | D:5      | Found a burning altar of Makhleb.
  3793 | D:5      | Reached skill level 7 in Unarmed Combat
  3912 | D:5      | Reached XP level 8. HP: 61/72 MP: 7/7
  4695 | D:6      | Reached skill level 8 in Unarmed Combat
  5250 | D:7      | Found a flagged portal.
  5323 | Bailey   | Entered a bailey
  5447 | Bailey   | Reached skill level 9 in Unarmed Combat
  5447 | Bailey   | Reached XP level 9. HP: 57/80 MP: 8/8
  5607 | Bailey   | Noticed a gargoyle
  5614 | Bailey   | Killed a gargoyle
  5636 | Bailey   | Identified the +2 leather armour "Ribresoth" {rN+}
  5852 | D:7      | Noticed a hellwing
  5868 | D:7      | Killed a hellwing
  5871 | D:7      | Reached skill level 10 in Unarmed Combat
  5990 | D:7      | Reached skill level 5 in Dodging
  6063 | D:7      | Reached XP level 10. HP: 91/91 MP: 9/9
  6083 | D:7      | Reached skill level 11 in Unarmed Combat
  6340 | D:7      | Found an iron altar of Okawaru.
  6341 | D:7      | Found a stormy altar of Qazlal.
  6460 | D:7      | Identified the +2 falchion of the Seer {flame, rElec rC+
                  | Dex-5 Stlth+}
  6519 | D:8      | Noticed a two-headed ogre
  6524 | D:8      | Killed a two-headed ogre
  6575 | D:8      | Found Giliru's Assorted Antiques.
  6580 | D:8      | Bought a potion of heal wounds for 145 gold pieces
  6582 | D:8      | Identified the ring "Kevemog" {rN+ Will- MP+9 Int+2 Dex+4}
  6829 | D:8      | Found a staircase to the Lair.
  7351 | D:9      | Reached skill level 12 in Unarmed Combat
  7722 | D:10     | Entered Level 10 of the Dungeon
  7784 | D:10     | Found a staircase to the Orcish Mines.
  7829 | D:10     | Reached XP level 11. HP: 97/97 MP: 10/10
  8323 | D:10     | Reached skill level 13 in Unarmed Combat
  8527 | D:10     | Found a sparkling altar of Nemelex Xobeh.
  8788 | D:11     | Noticed a two-headed ogre
  8794 | D:11     | Killed a two-headed ogre
  8888 | D:11     | Found Rikkeung's Gadget Gallery.
  8898 | D:11     | Bought a sack of spiders for 600 gold pieces
  9071 | D:12     | Noticed a skeletal warrior
  9076 | D:12     | Noticed a skeletal warrior
  9085 | D:12     | Noticed a skeletal warrior
  9187 | Lair:1   | Entered Level 1 of the Lair of Beasts
  9228 | Lair:1   | Reached skill level 14 in Unarmed Combat
  9232 | Lair:1   | Killed from afar by a rime drake

Illustrated notes

Levels and vault maps discovered:
D:1:      scummos_arrival_simple_crosswalls, layout_loops_ring,
          minmay_pentomino_r2
D:2:      layout_basic, serial_shops, shop, uniq_jessica
D:3:      layout_loops_cross, lemuel_tele_altar, mainiacjoe_overflow_24_doors,
          serial_aquarium, aquarium_bridge_long_separate
          [aquarium_subvault_bridge, aquarium_subvault_window,
          aquarium_subvault_window, aquarium_subvault_bridge,
          aquarium_subvault_wall, aquarium_subvault_window],
          aquarium_bridge_island_small [aquarium_subvault_small_open,
          aquarium_subvault_bridge, aquarium_subvault_bridge,
          aquarium_subvault_bridge, aquarium_subvault_wall],
          aquarium_window_corridor_1, aquarium_window_1, aquarium_window_1,
          aquarium_view_4, aquarium_balcony_3a, aquarium_pool_five,
          serial_shops, shop, nicolae_shop_peninsula
D:4:      layout_basic, minmay_temple_entry_statues, uniq_menkaure, uniq_duvessa
D:5:      layout_layer_cave, makhleb_heckhound_becter, roderic_batcave,
          uniq_edmund
D:6:      layout_basic, serial_corexii_hall, chequers_hall_statues_corner_a,
          corexii_hall_statues_i
D:7:      cheibrodos_grave_circle, layout_basic, nicolae_overflow_hidden_temple,
          enter_bailey_5
D:8:      layout_loops_ring, serial_shops, nicolae_shop_rolling_square,
          grunt_decor_cap
D:9:      layout_rooms, chequers_avenue
D:10:     layout_basic, nemelex_diamond_rough_becter, david_orc_1_choice,
          serial_bayou_lagoon_a
D:11:     layout_rooms, nicolae_shop_gadgets
D:12:     layout_basic, serial_shops, shop, portal_ice_cave_demonic_guard,
          okawaru_gym_becter
Lair:1:   layout_loops_ring

Skill      XL: |  1  2  3  4  5  6  7  8  9 10 11 |
---------------+----------------------------------+-----
Shapeshifting  | 4 5 6 7 8 9 |  9.2
Unarmed Combat | 4 5 7 9 10 12 14 | 14.0
Fighting       | 1 2 3 |  3.7
Dodging        | 2 3 5 6 |  6.3
Throwing       | |  0.5
Stealth        | |  0.7

Action                     |  1- 3 |  4- 6 |  7- 9 | 10-12 || total
---------------------------+-------+-------+-------+-------++-------
  Melee: Unarmed           |    77 |   120 |   228 |   258 ||   683
         Punch             |       |     1 |       |       ||     1
  Throw: Javelin           |       |       |       |     2 ||     2
 Invoke: Call Merchant     |       |       |       |     1 ||     1
    Use: Scroll            |       |       |     7 |     5 ||    12
         Potion            |       |       |       |     1 ||     1
   Stab: Sleeping          |       |     2 |       |       ||     2
         Distracted        |       |       |     2 |     2 ||     4
 Armour: Animal skin       |    57 |    82 |   103 |       ||   242
         Robe              |       |       |    31 |   122 ||   153
         Skin              |       |       |       |    27 ||    27
  Dodge: Dodged            |    40 |    57 |   178 |   187 ||   462
   Form: Flux              |       |       |       |     1 ||     1

Table legend: (Time is in decaauts)
 A = Elapsed time spent in this place.
 B = Non-inter-level travel time spent in this place.
 C = Inter-level travel time spent in this place.
 D = Time resting spent in this place.
 E = Time spent auto-exploring this place.
 F = Levels seen in this place.
 G = Mean time per level.
                   A        B        C        D        E       F      G
               +--------+--------+--------+--------+--------+-----+--------+
         Total |   9124 |   8525 |    599 |     34 |   6995 |  14 |  651.7 |
       Dungeon |   8639 |   8040 |    599 |     34 |   6762 |  12 |  719.9 |
          Lair |     39 |     39 |      0 |      0 |      0 |   1 |   39.0 |
        Bailey |    444 |    444 |      0 |      0 |    233 |   1 |  444.0 |
               +--------+--------+--------+--------+--------+-----+--------+

Top non-repeatable levels by time:
     D:3: 1164 daAuts
     D:5: 1023 daAuts
     D:6: 995 daAuts
    D:10: 839 daAuts
     D:1: 773 daAuts
     D:4: 764 daAuts
     D:7: 753 daAuts
     D:8: 674 daAuts
     D:9: 581 daAuts
     D:2: 503 daAuts
    D:11: 496 daAuts
  Bailey: 444 daAuts
    D:12: 70 daAuts
  Lair:1: 39 daAuts
